[Event "Team 45 45 League T79"]
[Site "Internet Chess Club"]
[Date "2019.01.25"]
[Round "5"]
[White "Conjurer"]
[Black "BrerRabbit"]
[Result "0-1"]
[WhiteElo "1227"]
[BlackElo "1371"]
[Opening "Queen's Pawn"]
[ECO "A41"]
[Time "19:02:51"]
[TimeControl "2700+45"]

1. d4 d6 2. Bf4 g6 3. Nf3 Bg7 4. e3 Nd7 5. Bb5 c6 6. Bc4 e5 7. Bg5 Ne7 8. O-O f6
9. Bh4 Nf5 10. c3 d5 11. Bb3 e4 12. Nbd2 exf3 13. Nxf3 Nxh4 14. Nxh4 Nb6 15. Re1
Be6 16. Qf3 Qd6 17. Rad1 O-O-O 18. Qe2 Rhe8 19. Nf3 Bg4 20. h3 Bf5 21. a4 Be6
22. Bc2 Qd7 23. b3 Bf5 24. a5 Bxc2 25. Qxc2 Na8 26. b4 Nc7 27. c4 Qe6 28. c5 Qe4
29. Qa2 a6 30. Nd2 Qe6 31. Qc2 f5 32. Nf3 Qe4 33. Qe2 Bf6 34. Nh2 Nb5 35. f3 Qe6
36. Rd3 Qd7 37. Qf2 Re6 38. g4 Qe7 39. Rf1 Bh4 40. Qd2 Re8 41. gxf5 gxf5 42. f4
Rxe3 43. Rxe3 Qxe3+ 44. Qxe3 Rxe3 45. Nf3 Bf6 46. Kf2 Re4 47. Kg3 Kd8 48. Ng5
Bxg5 49. fxg5 f4+ 50. Rxf4 Rxf4 51. Kxf4 Ke7 52. Ke5 Nc3 53. h4 Na2 54. h5 Nxb4
55. Kf5 Kf7 56. g6+ hxg6+ 57. hxg6+ Kg7 58. Kg5 Nc2 59. Kf5 Nxd4+ 60. Ke5 Nb3
{White resigns} 0-1

[Event "Team 45 45 League T79"]
[Site "Internet Chess Club"]
[Date "2019.01.28"]
[Round "5"]
[White "OGO"]
[Black "bardu"]
[Result "0-1"]
[WhiteElo "1299"]
[BlackElo "1265"]
[Opening "Nimzo-Indian: Sämisch variation"]
[ECO "E24"]
[Time "21:10:29"]
[TimeControl "2700+45"]

1. d4 Nf6 2. c4 e6 3. Nc3 Bb4 4. a3 Bxc3+ 5. bxc3 c5 6. Bb2 O-O 7. e3 Nc6 8. Bd3
b6 9. Ne2 Bb7 10. O-O Qc7 11. Ng3 Rfe8 12. e4 d5 13. e5 Nd7 14. Qg4 dxc4 15. Nh5
g6 16. Bc1 cxd3 17. Nf6+ Nxf6 18. exf6 cxd4 19. Qg5 Qe5 20. Qh6 Qxf6 21. Bg5 Qg7
{White resigns} 0-1

[Event "Team 45 45 League T79"]
[Site "Internet Chess Club"]
[Date "2019.01.27"]
[Round "5"]
[White "guyd52"]
[Black "stantheman59"]
[Result "0-1"]
[WhiteElo "1188"]
[BlackElo "1231"]
[Opening "Réti: King's Indian attack (Barcza system)"]
[ECO "A07"]
[Time "09:35:40"]
[TimeControl "2700+45"]

1. Nf3 d5 2. g3 c6 3. Bg2 Nf6 4. d3 Bf5 5. Nbd2 Nbd7 6. O-O e5 7. Re1 Bd6 8. e4
Bg4 9. c3 O-O 10. Qb3 Nc5 11. Qc2 Bxf3 12. Bxf3 Qd7 13. b4 Ne6 14. Nb3 d4 15. a3
c5 16. bxc5 Bxc5 17. Nxc5 Nxc5 18. Be2 Rac8 19. cxd4 Na4 20. Qd1 Nc3 21. Qd2
exd4 22. Qf4 Nxe2+ 23. Rxe2 Qh3 24. Qe5 {White resigns} 0-1

[Event "Team 45 45 League T79"]
[Site "Internet Chess Club"]
[Date "2019.01.29"]
[Round "5"]
[White "pagliaci"]
[Black "ticktockman"]
[Result "1-0"]
[WhiteElo "1246"]
[BlackElo "1105"]
[Opening "Scandinavian (center counter) defense"]
[ECO "B01"]
[Time "09:02:25"]
[TimeControl "2700+45"]

1. e4 d5 2. exd5 Qxd5 3. Nc3 Qe5+ 4. Be2 Nf6 5. Nf3 Qd6 6. d4 e6 7. O-O g6 8.
Bg5 Bg7 9. Re1 O-O 10. Bc4 c6 11. Qd2 b5 12. Bb3 a5 13. a4 b4 14. Ne4 Nxe4 15.
Rxe4 Bb7 16. Bh6 Na6 17. Rh4 c5 18. Bxg7 Kxg7 19. Qh6+ Kf6 20. Rf4+ Ke7 21. Re1
Bxf3 22. Rxf3 Qxd4 23. Rd3 Qxb2 24. Qh4+ Qf6 25. Rd7+ Kxd7 26. Qxf6 Kc6 27. Rd1
Rad8 {Black resigns} 1-0